 Dungeon Crawl Stone Soup version 0.18-a0-1197-g8004e50 (webtiles) character file.

3089 Shaidar413 the Nimble (level 9, -1/89 HPs)
             Began as a Troll Berserker on Jan 31, 2016.
             Was a High Priest of Trog.
             Killed from afar by a gargoyle (11 damage)
             ... with a stone arrow
             ... on level 8 of the Dungeon.
             The game lasted 00:32:02 (6768 turns).

Shaidar413 the Nimble (Troll Berserker)             Turns: 6768, Time: 00:32:02

Health: -1/89      AC: 12    Str: 32    XL:     9   Next: 59%
Magic:  0/8        EV: 12    Int:  3    God:    Trog [*****.]
Gold:   196        SH:  0    Dex:  9    Spells: 0 memorised, 8 levels left

rFire  . . .     SeeInvis +     I - +1 halberd (venom)
rCold  . . .     Gourm    +     a - +0 animal skin
rNeg   . . .     Faith    .     (shield currently unavailable)
rPois  .         Spirit   +     (helmet restricted)
rElec  .         Dismiss  .     q - +2 cloak {MR+}
rCorr  .         Reflect  .     (gloves unavailable)
SustAt .         Harm     .     (boots unavailable)
MR     +++..                    s - amulet of guardian spirit
Stlth  +.........               o - ring of see invisible
                                m - +4 ring of strength

@: regenerating, extremely resistant to hostile enchantments, very unstealthy
A: unfitting armour, claws 3, iridescent scales 1, fast metabolism 3, gourmand,
regeneration 2, shaggy fur 1, tough skin 2, weak 1, evolution 1
a: Berserk, Trog's Hand, Brothers in Arms, Burn Spellbooks, Renounce Religion


You were on level 8 of the Dungeon.
You worshipped Trog.
Trog was extremely pleased with you.
You were very hungry.

You visited 1 branch of the dungeon, and saw 8 of its levels.
You also visited: Sewer and Bailey.

You collected 340 gold pieces.
You spent 144 gold pieces at shops.

Inventory:

Hand Weapons
 j - a +2 quarterstaff of chaos
 I - a +1 halberd of venom (weapon)
Armour
 a - a +0 animal skin (worn)
 q - a +2 cloak of magic resistance (worn)
Jewellery
 m - a +4 ring of strength (left claw)
 o - a ring of see invisible (right claw)
 r - an uncursed ring of wizardry
 s - an amulet of guardian spirit (around neck)
Wands
 t - a wand of random effects (33/48)
 y - a wand of polymorph (12/24)
 A - a wand of digging (7/24)
 J - a wand of flame (9/48)
 K - a wand of slowing (25/48)
Scrolls
 d - 3 scrolls of amnesia
 g - a scroll of immolation {unknown}
 h - 4 scrolls of remove curse
 k - a scroll of fear {unknown}
 l - 7 scrolls of teleportation
 u - a scroll of blinking {unknown}
 x - 2 scrolls of fog
 z - a scroll of magic mapping {unknown}
 B - a scroll of noise {unknown}
 E - 2 scrolls of enchant armour {unknown}
Potions
 c - 3 potions of brilliance
 e - 7 potions of curing
 i - 2 potions of might
 n - 3 potions of poison
 p - 2 potions of agility
 v - a potion of resistance {unknown}
 w - 3 potions of flight
 F - a potion of lignification {unknown}
Comestibles
 b - 8 bread rations
 f - 6 fruits
 D - 2 meat rations


   Skills:
 + Level 6.0 Fighting
 + Level 1.2 Polearms
 + Level 0.5 Throwing
 + Level 8.1 Dodging
 + Level 1.9 Stealth
 + Level 7.0 Unarmed Combat


You had 8 spell levels left.
You didn't know any spells.

Dungeon Overview and Level Annotations

Branches:
Dungeon (8/15)             Temple (0/1) D:7
   Lair: D:8-11

Altars:
Fedhas
Pakellas
Qazlal
Ru
Trog
Xom
The Shining One

Shops:
D:6 *   D:8 *


Innate Abilities, Weirdness & Mutations

You are too large for most types of armour.
You have claws for hands.
Your metabolism is lightning-fast.
You like to eat raw meat.
You heal very quickly.
You are covered in fur (AC +1).
You have very tough skin (AC +2).
You are partially covered in iridescent scales (AC +4).
You are weak. (Str -2)
You evolve.


Message History

Drink which item? (? for menu, Esc to quit)
You feel better.
The gargoyle hits you but does no damage.
Your skin crawls.
You feel resistant to hostile enchantments.
You feel slightly more hungry. The gargoyle barely misses you.
You hit the gargoyle.
The gargoyle is moderately damaged.
You are feeling very hungry.
The gargoyle hurls a stone arrow at you.
The stone arrow hits you!
* * * LOW HITPOINT WARNING * * *
You barely miss the gargoyle.
The gargoyle is moderately damaged.
The gargoyle closely misses you. x2
You barely miss the gargoyle.
The gargoyle is moderately damaged.
The gargoyle hurls a stone arrow at you.
The stone arrow hits you!
You die...

# #...#.# <..
#.#...#.# #.#
#.#...#># #.#
#.......# ..#
####.......# #..
..........# #.#
#......(.##
#9#####..#.##†..#
#@##............#
###)##.##.........#
#......############
#.###..# #.# #..#
##.###.## #.......#
#.......# #...)...#


You could see a gargoyle.

Vanquished Creatures
  The ghost of Shaidar413 the Ruffian, an amateur TrBe of Trog (D:5)
  Sigmund (D:3)
  A spriggan (D:8)
  2 black bears (D:7)
  7 orc warriors
  2 phantoms (D:4)
  2 centaurs
  A big kobold (Sewer)
  A giant frog (D:7)
  A killer bee (D:6)
  A scorpion (D:6)
  3 crimson imps
  Crazy Yiuf (D:2)
  A centaur skeleton (D:8)
  4 hounds
  2 jellies
  7 orc wizards
  2 orc priests
  5 worker ants
  A hound zombie (D:3)
  3 worker ant zombies
  Robin (D:2)
  4 adders
  13 river rats (Sewer)
  2 oozes
  2 adder zombies
  2 adder skeletons
  6 giant geckos
  34 orcs
  7 giant cockroaches
  17 goblins
  11 hobgoblins
  5 jackals
  2 quokkas
  7 ball pythons
  12 bats
  A giant gecko skeleton (D:5)
  8 giant newts
  21 kobolds
  16 rats
  A bush (D:1)
221 creatures vanquished.

Notes
Turn   | Place    | Note
--------------------------------------------------------------
     0 | D:1      | Shaidar413 the Troll Berserker began the quest for the Orb.
     0 | D:1      | Reached XP level 1. HP: 22/22 MP: 0/0
    77 | D:1      | Reached XP level 2. HP: 25/29 MP: 1/1
   624 | D:2      | Noticed Robin
   649 | D:2      | Reached ** piety under Trog
   650 | D:2      | Reached XP level 3. HP: 36/36 MP: 2/2
   656 | D:2      | Killed Robin
   811 | D:2      | Reached XP level 4. HP: 25/45 MP: 3/3
   860 | D:2      | Gained mutation: You evolve. [potion of mutation]
   860 | D:2      | Gained mutation: You are weak. (Str -2) [potion of mutation]
   860 | D:2      | Gained mutation: Armour fits poorly on your strangely shaped body. [potion of mutation]
   956 | D:2      | Noticed Crazy Yiuf
   975 | D:2      | Killed Crazy Yiuf
  1185 | D:3      | Reached *** piety under Trog
  1359 | D:3      | Found a bloodstained altar of Trog.
  1383 | D:3      | Found a shimmering altar of Xom.
  1452 | D:3      | Reached XP level 5. HP: 53/53 MP: 4/4
  1594 | D:3      | Noticed Sigmund
  1611 | D:3      | Killed Sigmund
  1611 | D:3      | Reached skill level 4 in Dodging
  1611 | D:3      | Reached XP level 6. HP: 45/62 MP: 5/5
  1619 | D:3      | Found a glowing golden altar of the Shining One.
  1619 | D:3      | Found an oddly glowing altar of Pakellas.
  1787 | D:3      | Found a sacrificial altar of Ru.
  2318 | D:4      | Reached XP level 7. HP: 33/70 MP: 6/6
  2379 | D:4      | Reached skill level 1 in Stealth
  2702 | D:4      | Found a glowing drain.
  2733 | Sewer    | Entered a sewer
  2770 | Sewer    | Reached skill level 5 in Dodging
  2867 | Sewer    | Received a gift from Trog
  3064 | Sewer    | Reached **** piety under Trog
  3064 | Sewer    | Reached skill level 5 in Unarmed Combat
  3180 | Sewer    | Received a gift from Trog
  3554 | D:5      | Entered Level 5 of the Dungeon
  3864 | D:5      | Reached XP level 8. HP: 75/79 MP: 7/7
  3874 | D:5      | Noticed Shaidar413's ghost (amateur TrBe)
  3903 | D:5      | Killed Shaidar413's ghost
  3903 | D:5      | Reached skill level 6 in Dodging
  4037 | D:5      | Found a blossoming altar of Fedhas.
  4040 | D:5      | Found a stormy altar of Qazlal.
  4078 | D:5      | Reached skill level 5 in Fighting
  4649 | D:6      | Gained mutation: You are partially covered in iridescent scales (AC +4). [evolution]
  4962 | D:6      | Found Gotapraje's Assorted Antiques.
  4971 | D:6      | Bought a scroll of identify for 48 gold pieces
  4971 | D:6      | Bought a scroll of identify for 48 gold pieces
  4971 | D:6      | Bought a scroll of identify for 48 gold pieces
  5097 | D:7      | Found a staircase to the Ecumenical Temple.
  5152 | D:7      | Reached ***** piety under Trog
  5520 | D:7      | Reached XP level 9. HP: 88/88 MP: 8/8
  5616 | D:7      | Reached skill level 7 in Dodging
  5680 | D:7      | Lost mutation: Armour fits poorly on your strangely shaped body. [evolution]
  5804 | D:8      | Received a gift from Trog
  5836 | D:8      | Found Cass's General Store.
  5907 | D:8      | Found a flagged portal.
  5916 | Bailey   | Entered a bailey
  6328 | Bailey   | Reached skill level 1 in Polearms
  6609 | Bailey   | HP: 4/89 [orc warrior/glaive (20)]
  6753 | D:8      | Noticed a gargoyle
  6757 | D:8      | Reached skill level 8 in Dodging
  6768 | D:8      | Killed from afar by a gargoyle

Vault maps used:
D:1:      onia_arrival_mini_spirals, columned_hall_lemuel, minmay_hedge_maze
D:2:      uniq_robin, uniq_crazy_yiuf_cottage
D:3:      gammafunk_temple_overflow_elements, amethyst_overflow_temple_binary,
          nicolae_ru_the_path_less_chosen, uniq_sigmund
D:4:      portal_sewer_entry_f
D:5:      grunt_temple_overflow_forces_of_nature, first_bread, minivault_14
D:6:      serial_shops, shop
D:7:      minmay_temple_entry_grid
D:8:      grunt_temple_overflow_lords_of_destruction,
          lemuel_coloured_pillars_altar, kiku_gazebo_garden_becter,
          serial_shops, shop_fountains, enter_bailey_2, enter_ossuary_2,
          the_bakery
Sewer:    sewer_minmay_treatment
Bailey:   bailey_polearm_1, bailey

Action                   |  1- 3 |  4- 6 |  7- 9 || total
-------------------------+-------+-------+-------++-------
Melee: Unarmed           |   172 |   136 |   335 ||   643
       Halberd           |       |       |    86 ||    86
Throw: Large rock        |       |       |    11 ||    11
Invok: Berserk           |     1 |     1 |     2 ||     4
       Trog's Hand       |       |       |     1 ||     1
  Use: Scroll            |       |     6 |    11 ||    17
       Potion            |       |     1 |     7 ||     8
 Stab: Sleeping          |       |     2 |     3 ||     5
  Eat: Chunk             |    11 |    18 |    33 ||    62
       Pizza             |       |       |     1 ||     1
